Map: Cerulean Fall LE

Players

Zencowboy

  • Race: Protoss Protoss
  • League: Silver
  • Spawn Location: 7:00

Smileblind - Winner!

  • Race: Protoss Protoss
  • League: Silver
  • Spawn Location: 1:00

VOD

Have the link to the VOD?

Description

Time

  • Played on: Jan. 16, 2019, 6:12 a.m.
  • Length: 2:25
Show
View Real Time Build Order
Export as new Build Order

Zencowboy Protoss 

Build Orders:  

Get SALT Encoding   

  12  0:01  Probe  
  13  0:13  Probe  
  14  0:25  Pylon  
  14  0:26  Probe  
  15  0:43  Probe  
  15  0:48  Gateway  
  16  0:56  Probe  
  17  1:08  Probe  
  17  1:10  Assimilator  
  18  1:20  Probe  
  19  1:32  Probe  
  20  1:42  Zealot  
  20  1:44  Probe  
  23  1:49  Cybernetics Core  
  23  1:51  Forge  
Show
View Real Time Build Order
Export as new Build Order

Smileblind Protoss - Winner!

Build Orders:  

Get SALT Encoding   

  12  0:14  Probe  
  12  0:17  Pylon  
  13  0:22  Probe  
  14  0:30  Probe  
  15  0:40  Forge  
  15  0:42  Probe  
  16  1:00  Gateway  
  16  1:23  Assimilator  
  16  1:30  Pylon  
  15  1:43  Pylon  
  15  1:46  Pylon  
  15  1:57  Photon Cannon  
  15  2:04  Photon Cannon  
  15  2:07  Pylon  
  15  2:11  Photon Cannon  
Tags
 
Add a new tag
Caveats
  • Supply blocks, unpowered buildings, or Contaminate may cause inaccurate times.
  • Supply counts are checked every 10 seconds.